 Dungeon Crawl Stone Soup version 0.24-a0-417-g1cce26a4d2 (webtiles) character file.

Game seed: 2007126384661639392

842 Gynju the Spear-Bearer (level 7, -1/57 HPs)
             Began as a Minotaur Fighter on June 10, 2019.
             Was a Follower of Makhleb.
             Slain by a killer bee (5 damage)
             ... on level 5 of the Dungeon.
             The game lasted 00:11:04 (4002 turns).

Gynju the Spear-Bearer (Minotaur Fighter)           Turns: 4002, Time: 00:11:04

Health: -1/57      AC:  9    Str: 28    XL:     7   Next: 67%
Magic:  9/9        EV:  6    Int:  5    God:    Makhleb [*.....]
Gold:   266        SH: 10    Dex:  9    Spells: 6/6 levels left

rFire    + . .     SeeInvis .   a - +1 trident
rCold    + . .     Gourm    .   c - +0 shield
rNeg     . . .     Faith    .   t - +0 chain mail
rPois    +         Spirit   .   (helmet restricted)
rElec    .         Reflect  .   b - scarf {rC+ rF+}
rCorr    .         Harm     .   (no gloves)
MR       .....                  (no boots)
Stlth    ..........             (no amulet)
HPRegen  0.19/turn              r - ring of poison resistance
MPRegen  0.11/turn              (no ring)

@: mighty, lethally poisoned (-1 -> -9)
A: retaliatory headbutt, horns 2
a: Renounce Religion


You were on level 5 of the Dungeon.
You worshipped Makhleb.
Makhleb was aware of your devotion.
You were not hungry.

You visited 2 branches of the dungeon, and saw 6 of its levels.

You collected 266 gold pieces.

Inventory:

Hand Weapons
 a - a +1 trident (weapon)
Missiles
 e - 5 boomerangs (quivered)
Armour
 b - a scarf of resistance (worn)
 c - a +0 shield (worn)
 t - a +0 chain mail (worn)
Jewellery
 r - a ring of poison resistance (left hand)
Wands
 v - a wand of polymorph (4)
Scrolls
 j - 3 scrolls of amnesia
 k - 4 scrolls of remove curse {unknown}
 p - a scroll of fog
Potions
 d - a potion of might
 g - a potion of magic
 h - a potion of agility
 n - 2 potions of curing
 u - 2 potions of brilliance
Comestibles
 f - 9 rations


   Skills:
 - Level 3.6 Fighting
 + Level 8.5 Polearms
 - Level 3.6 Armour
 - Level 3.6 Shields
 + Level 5.2 Invocations


You had 6 spell levels left.
You didn't know any spells.
Your spell library was empty.

Dungeon Overview and Level Annotations

Branches:
Dungeon (5/15)             Temple (1/1) D:5

Altars:
Ashenzari
Cheibriados
Dithmenos
Elyvilon
Fedhas
Gozag
Hepliaklqana
Kikubaaqudgha
Makhleb
Ru
Sif Muna
Trog
Vehumet
Wu Jian
Xom
Zin
The Shining One


Innate Abilities, Weirdness & Mutations

You reflexively headbutt those who attack you in melee.
You have a pair of horns on your head.


Message History

The killer bee stings you but does no damage.
You block the killer bee's attack. The killer bee closely misses you.
The killer bee stings you but does no damage.
The jelly jiggles.
The jelly hits you but does no damage.
The killer bee stings you but does no damage. x2
You miss the killer bee.
The killer bee is severely wounded.
* * * LOW HITPOINT WARNING * * *
You feel sick. The killer bee stings you.
* * * LOW HITPOINT WARNING * * *
The killer bee barely misses you. You block the killer bee's attack. x2
The killer bee stings you.
* * * LOW HITPOINT WARNING * * *
The killer bee stings you but does no damage.
The jelly barely misses you. You furiously retaliate!
You headbutt the jelly!
You kill the jelly!
Makhleb accepts your kill. The killer bee stings you.
You die...

....#.....# #..........
....#.....# #..........
....#.....# #..........
....'.....+ #..........
'#####....# #..........
...###....# +.......#
...#......# #.......#
...#......######.y.....#
...#...........#@y........
...#...........#yy[.......
...#.......#.#.+.....#####
...#.................#
..##.......#.#.#######
..#...............#
..#...............#
..#..>............# ..#
...##....###


You could see 4 killer bees.

Vanquished Creatures
  2 ogres
  A phantom (D:4)
  A scorpion (D:4)
  2 killer bees (D:5)
  A hound (D:4)
  A bullfrog zombie (D:4)
  2 orc priests (D:4)
  2 jellies (D:5)
  3 worker ants
  A hound skeleton (D:4)
  7 adders
  2 worms (D:2)
  2 dart slugs
  6 leopard geckos
  12 orcs
  A ball python (D:5)
  5 bats
  5 giant cockroaches
  4 goblins
  7 hobgoblins
  12 jackals
  12 kobolds
  2 quokkas (D:2)
  5 frilled lizards
  A leopard gecko skeleton (D:4)
  A quokka skeleton (D:4)
  11 rats
111 creatures vanquished.

Notes
Turn   | Place    | Note
-------+----------+-------------------------------------------
     0 | D:1      | Gynju the Minotaur Fighter began the quest for the Orb.
     0 | D:1      | Reached XP level 1. HP: 19/19 MP: 0/0
    12 | D:1      | Noticed an electric eel
   133 | D:1      | Reached skill level 3 in Polearms
   165 | D:1      | Reached XP level 2. HP: 26/26 MP: 1/1
   301 | D:1      | Reached skill level 4 in Polearms
   640 | D:1      | Reached XP level 3. HP: 31/31 MP: 2/2
   986 | D:2      | Reached skill level 5 in Polearms
  1157 | D:2      | Found a shattered altar of Ashenzari.
  1159 | D:2      | Found a burning altar of Makhleb.
  1160 | D:2      | Found a deep blue altar of Sif Muna.
  1161 | D:2      | Found a snail-covered altar of Cheibriados.
  1161 | D:2      | Found an ornate altar of the Wu Jian Council.
  1165 | D:2      | Reached XP level 4. HP: 39/39 MP: 3/3
  1188 | D:2      | Became a worshipper of Makhleb the Destroyer
  1516 | D:3      | Reached skill level 1 in Invocations
  1535 | D:3      | Found a blossoming altar of Fedhas.
  2167 | D:3      | Reached XP level 5. HP: 43/45 MP: 5/5
  2413 | D:4      | Noticed an ogre
  2421 | D:4      | Reached skill level 6 in Polearms
  2432 | D:4      | Killed an ogre
  2432 | D:4      | Reached XP level 6. HP: 37/51 MP: 5/7
  2587 | D:4      | Reached * piety under Makhleb
  2596 | D:4      | Found an ancient bone altar of Kikubaaqudgha.
  2630 | D:4      | Reached skill level 7 in Polearms
  2838 | D:4      | Found an opulent altar of Gozag.
  3189 | D:4      | Reached XP level 7. HP: 57/57 MP: 9/9
  3583 | D:5      | Entered Level 5 of the Dungeon
  3724 | D:5      | Reached skill level 8 in Polearms
  3839 | D:5      | Found a staircase to the Ecumenical Temple.
  3856 | Temple   | Entered the Ecumenical Temple
  3994 | D:5      | Reached skill level 5 in Invocations
  4002 | D:5      | Slain by a killer bee

Levels and vault maps discovered:
D:1:      arrival_aquarium_a, layout_loops_ring
D:2:      layout_basic, grunt_temple_overflow_open, serial_forest,
          infiniplex_forest_corner_1, infiniplex_forest_clump_large,
          infiniplex_forest_clump_large, infiniplex_forest_fountain,
          infiniplex_forest_lined_room_3, infiniplex_forest_end_1,
          infiniplex_forest_straight_1, infiniplex_forest_zigzag_1
D:3:      layout_basic, overflow_temple_1_default, minmay_close_crescents
D:4:      layout_basic, kiku_gazebo_pond_becter, first_ration,
          minmay_misc_feat_rows, nicolae_gozag_cash_rules_everything_around_me
D:5:      layout_gridville, kennysheep_okawaru_gauntlet, kennysheep_mini_moat,
          temple_green, serial_glass, glass_columns_a, glass_columns_a,
          item_on_display_a, feat_on_display, feat_on_display, uniq_grinder
Temple:   zaba_magenta_temple

Skill      XL: |  1  2  3  4  5  6  7 |
---------------+----------------------+-----
Polearms       | 3 4 5 6 7 8 |  8.5
Invocations    | 1 3 4 5 |  5.2
Fighting       | |  3.6
Armour         | |  3.6
Shields        | |  3.6

Action                   |  1- 3 |  4- 6 |  7- 9 || total
-------------------------+-------+-------+-------++-------
Melee: Trident           |    98 |   196 |    47 ||   341
       Headbutt          |    10 |    25 |     8 ||    43
  Use: Scroll            |       |       |    15 ||    15
       Potion            |       |       |     3 ||     3
  Eat: Chunk             |     1 |     6 |     3 ||    10
Armor: Scale mail        |    21 |    43 |       ||    64
       Chain mail        |       |    24 |    47 ||    71
Dodge: Dodged            |    17 |    38 |    25 ||    80
Block: Shield            |    33 |    67 |    39 ||   139

Table legend:
 A = Non-vault XP
 B = Vault XP
 C = Vault XP percentage of total XP
 D = Non-vault monster count
 E = Vault monster count
 F = Vault count percentage of total count
                 A         B        C        D         E       F
            +---------+---------+-------+---------+---------+-------
      Total |    1183 |      20 |   1.7 |     107 |       4 |   3.6
            +---------+---------+-------+---------+---------+-------
        D:1 |      44 |       0 |   0.0 |      25 |       0 |   0.0
        D:2 |      83 |       0 |   0.0 |      23 |       0 |   0.0
        D:3 |      51 |      20 |  28.2 |      23 |       4 |  14.8
        D:4 |     606 |       0 |   0.0 |      26 |       0 |   0.0
        D:5 |     399 |       0 |   0.0 |      10 |       0 |   0.0
            +---------+---------+-------+---------+---------+-------
